 Dungeon Crawl Stone Soup version 0.31-a0-848-gaac375c287 (webtiles) character file.

Game seed: 13753521042079784875

68 D12ThenQuit the Caller (level 4, -6/24 HPs)
             Began as a Kobold Summoner on Oct 5, 2023.
             Mangled by a gnoll
             ... wielding a +0 whip
              (9 damage)
             ... on level 2 of the Dungeon.
             The game lasted 00:04:40 (1730 turns).

D12ThenQuit the Caller (Kobold Summoner)            Turns: 1730, Time: 00:04:40

Health: -6/24      AC:  3    Str:  4    XL:     4   Next: 41%
Magic:  2/7        EV: 15    Int: 17    God:
Gold:   14         SH:  0    Dex: 19    Spells: 3/7 levels left

rFire   . . .        i - +0 rapier
rCold   . . .        (no shield)
rNeg    . . .        a - +0 robe
rPois   .            (no helmet)
rElec   .            (no cloak)
rCorr   .            (no gloves)
SInv    .            (no boots)
Will    .....        (no amulet)
Stlth   +++          (no ring)
HPRegen 0.24/turn    (no ring)
MPRegen 0.10/turn

%: no passive effects
@: lethally poisoned (-6 -> -9)
A: small, no large weapons, nightstalker 3, agile 1, shaggy fur 1
a: no special abilities


You were on level 2 of the Dungeon.
You visited 1 branch of the dungeon, and saw 2 of its levels.

You collected 36 gold pieces.
You spent 22 gold pieces at shops.

Inventory:

Hand Weapons
 d - a +0 dagger
 i - a +0 rapier (weapon)
Armour
 a - a +0 robe (worn)
Scrolls
 e - a scroll of immolation {unknown}
Potions
 b - a potion of magic
 f - a potion of attraction {unknown}
 g - a potion of haste {unknown}
 h - a potion of berserk rage {unknown}
 j - a potion of degeneration {unknown}
 k - a potion of heal wounds {unknown}


   Skills:
 - Level 2.4 Dodging
 - Level 2.6 Stealth
 - Level 2.1 Spellcasting
 + Level 5.6 Summonings


You had 3 spell levels left.
You knew the following spells:

 Your Spells              Type           Power      Damage    Failure   Level
b - Summon Small Mammal   Summ           84%        N/A       1%          1
c - Call Canine Familiar  Summ           21%        N/A       5%          3

Your spell library contained the following spells:

 Spells                   Type           Power      Damage    Failure   Level
 Call Imp                 Summ           42%        N/A       2%          2
 Summon Guardian Golem    Hex/Summ       11%        N/A       19%         3
 Summon Lightning Spire   Summ/Air       11%        N/A       52%         4


Dungeon Overview and Level Annotations

Branches:
Dungeon (2/15)

Altars:

Shops:
D:2 *


Innate Abilities, Weirdness & Mutations

You are small and have problems with some larger weapons.
You are completely attuned to the shadows.
You are agile. (Dex +4, Str/Int -1)
You are covered in fur. (AC +1)


Message History

Unknown command.
You barely miss the gnoll.
The gnoll is moderately wounded.
Your quokka misses the adder. The adder bites your quokka.
Your quokka is poisoned.
The adder poisons your quokka! The gnoll hits you with a +0 whip.
Your quokka bites the adder.
Unknown command.
You barely miss the gnoll.
The gnoll is moderately wounded.
The adder bites your quokka.
Your quokka misses the adder. The gnoll closely misses you.
The adder misses your quokka.
Unknown command.
You barely miss the gnoll.
The gnoll is moderately wounded.
Your quokka dies!
Your quokka's corpse disappears in a puff of smoke!
Your bat hits the adder but does no damage. x2
The adder bites your bat. The gnoll closely misses you.
Your bat closely misses the adder.
You hit the gnoll.
The gnoll is heavily wounded.
Your bat hits the adder but does no damage.
The gnoll closely misses you. The adder bites your bat.
Your bat dies!
Your bat's corpse disappears in a puff of smoke!
Unknown command.
You miss the adder.
The adder is almost dead.
The adder bites you.
You are poisoned.
The adder poisons you! The gnoll hits you with a +0 whip.
* * * LOW HITPOINT WARNING * * *
The gnoll completely misses you. The adder misses you.
It was a potion of mutation.
You feel extremely strange. Fur sprouts all over your body.
You feel agile.
* * * LOW HITPOINT WARNING * * *
You feel sick. The adder completely misses you.
The gnoll hits you with a +0 whip!
You die...

#.#)....
#........#
##.b.....
.........#
+....####
.........#
####.#
#........#
#.#
.######†#
#.# #†# #
#S##.#
#.@g.#
######


You could see a gnoll and an adder.

Vanquished Creatures
  A worm (D:2)
  2 endoplasms (D:2)
  A giant cockroach (D:2)
  4 goblins
  A hobgoblin (D:2)
  A quokka (D:1)
  A ball python (D:1)
  A bat (D:1)
  A rat (D:2)
13 creatures vanquished.

Vanquished Creatures (collateral kills)
  A gnoll (D:2)
  An adder (D:2)
  A worm (D:2)
  2 bats (D:1)
  2 endoplasms
  A hobgoblin (D:1)
  4 jackals (D:1)
  A kobold (D:1)
  3 quokkas
  A frilled lizard (D:1)
  7 goblins
24 creatures vanquished.

Grand Total: 37 creatures vanquished

Notes
Turn   | Place    | Note
-------+----------+-------------------------------------------
     0 | D:1      | D12ThenQuit the Kobold Summoner began the quest for the
                  | Orb.
     0 | D:1      | Reached XP level 1. HP: 10/10 MP: 3/3
   368 | D:1      | Reached XP level 2. HP: 15/15 MP: 3/5
   795 | D:1      | Found a faded altar of an unknown god.
   854 | D:1      | Reached XP level 3. HP: 19/19 MP: 4/6
   880 | D:1      | Learned a level 3 spell: Call Canine Familiar
  1191 | D:2      | Reached skill level 5 in Summonings
  1611 | D:2      | Found Xyheama's Assorted Antiques.
  1616 | D:2      | Bought a clear potion for 22 gold pieces
  1675 | D:2      | Reached XP level 4. HP: 24/24 MP: 7/7
  1730 | D:2      | Gained mutation: You are covered in fur. (AC +1) [potion of
                  | mutation]
  1730 | D:2      | Gained mutation: You are agile. (Dex +4, Str/Int -1)
                  | [potion of mutation]
  1730 | D:2      | Mangled by a gnoll

Illustrated notes

Levels and vault maps discovered:
D:1:      lightli_arrival_noodles, layout_basic, ebering_ecumenical_altar_webs
D:2:      layout_basic, serial_shops, shop

Skill      XL: |  1  2  3 |
---------------+----------+-----
Summonings     | 5 |  5.6
Dodging        | |  2.4
Stealth        | |  2.6
Spellcasting   | |  2.1

Action                     |  1- 3 |  4- 6 || total
---------------------------+-------+-------++-------
  Melee: Dagger            |    34 |       ||    34
         Rapier            |    12 |    11 ||    23
         Punch             |     3 |       ||     3
   Cast: Summon Small Mamm |    38 |    10 ||    48
    Use: Potion            |       |     1 ||     1
   Stab: Sleeping          |     4 |     1 ||     5
         Distracted        |     1 |       ||     1
 Armour: Robe              |    27 |    12 ||    39
  Dodge: Dodged            |    41 |    20 ||    61

Table legend: (Time is in decaauts)
 A = Elapsed time spent in this place.
 B = Non-inter-level travel time spent in this place.
 C = Inter-level travel time spent in this place.
 D = Time resting spent in this place.
 E = Time spent auto-exploring this place.
 F = Levels seen in this place.
 G = Mean time per level.
                   A        B        C        D        E       F      G
               +--------+--------+--------+--------+--------+-----+--------+
         Total |   1733 |   1718 |     15 |    123 |   1060 |   2 |  866.5 |
       Dungeon |   1733 |   1718 |     15 |    123 |   1060 |   2 |  866.5 |
               +--------+--------+--------+--------+--------+-----+--------+

Top non-repeatable levels by time:
     D:1: 1122 daAuts
     D:2: 610 daAuts
